 Dungeon Crawl Stone Soup version 0.17-a0-1646-geb1493d (console) character file.

245 Monkaria the Conjurer (level 5, -4/28 HPs)
             Began as a Deep Elf Conjurer on Aug 10, 2015.
             Slain by an orc (5 damage)
             ... on level 2 of the Dungeon.
             The game lasted 00:04:32 (2657 turns).

Monkaria the Conjurer (Deep Elf Conjurer)           Turns: 2657, Time: 00:04:33

Health: -4/28      AC:  3    Str:  5    XL:     5   Next: 84%
Magic:  1/11       EV: 13    Int: 21    God:
Gold:   184        SH:  0    Dex: 15    Spells: 2 memorised, 7 levels left

rFire  . . .     SeeInvis .     (no weapon)
rCold  . . .     Clarity  .     a - +0 robe
rNeg   . . .     SustAt   .     (no shield)
rPois  .         Gourm    .     (no helmet)
rElec  .         Spirit   .     h - +0 cloak
rCorr  .         Warding  .     (no gloves)
rMut   .         Stasis   .     (no boots)
MR     .....                    (no amulet)
Stlth  ++........               (no ring)
                                (no ring)

@: not resistant to hostile enchantments, unstealthy
A: no striking features
a: no special abilities


You were on level 2 of the Dungeon.
You were hungry.

You visited 1 branch of the dungeon, and saw 3 of its levels.

You collected 184 gold pieces.

Inventory:

Armour
 a - a +0 robe (worn)
 h - a +0 cloak (worn)
 l - a +0 crystal plate armour
Magical devices
 p - a wand of digging (6)
Scrolls
 e - a scroll of magic mapping {unknown}
 i - 3 scrolls of identify {unknown}
 k - 3 scrolls of teleportation {unknown}
 m - a scroll of remove curse {unknown}
 q - 3 scrolls of random uselessness {unknown}
 r - a scroll of enchant armour {unknown}
Potions
 d - 2 potions of agility {unknown}
 g - a potion of degeneration {unknown}
 n - 2 potions of flight {unknown}
 o - a potion of heal wounds {unknown}
 s - a potion of brilliance {unknown}
 u - a potion of curing {unknown}
Books
 b - a book of Conjurations

   Spells                             Type                      Level
   a - Magic Dart                     Conjuration                  1
   b - Searing Ray                    Conjuration                  2
   c - Dazzling Spray                 Conjuration/Hexes            3
   d - Fulminant Prism                Conjuration/Hexes            4
   e - Iskenderun's Mystic Blast      Conjuration                  4
   f - Iskenderun's Battlesphere      Conjuration/Charms           5
Comestibles
 c - a bread ration
 f - 5 meat rations
 j - 8 fruits
 t - a chunk of flesh


   Skills:
 - Level 2.4 Dodging
 - Level 2.4 Stealth
 - Level 3.0 Spellcasting
 + Level 7.9 Conjurations


You had 7 spell levels left.
You knew the following spells:

 Your Spells              Type           Power        Failure   Level  Hunger
a - Magic Dart            Conj           ####         1%          1    None
b - Searing Ray           Conj           #####.       1%          2    ##.....


Dungeon Overview and Level Annotations

Branches:
Dungeon (3/15)

Altars:
Xom


Message History

The hound bites you.
Casting: Searing Ray
Confirm with . or Enter, or press ? or * to list all spells.
Aiming: Searing Ray
Press: ? - help, Shift-Dir - straight line, f - orc
Aim: an orc, wearing a ring mail The searing ray hits the hound.
The hound is lightly wounded.
The hound bites you.
* * * LOW HITPOINT WARNING * * *
The hound bites you.
* * * LOW HITPOINT WARNING * * *
The searing ray misses the hound.
The hound closely misses you. The orc hits you but does no damage.
The searing ray hits the hound.
The hound is almost dead.
The hound bites you.
* * * LOW HITPOINT WARNING * * *
The orc hits you.
You die... ♣♣...♣♣♣...♣♣♣...♣♣♣...# #.# ## ♣P..♣ ♣P.P♣ ♣P.P♣ ♣...# #.# #. ♣♣P..♣♣♣...♣♣♣..P♣♣♣P.## ##.####. ..P...PP..PP.P.....P..# #....... ......................# #..####. ..P.P.PP..P.P..)..PP..# #....... ♣♣...♣♣♣..P♣♣♣P..♣♣♣P.# #.###### ♣...♣ ♣..P♣ ♣Poh♣

♣..# #.# #
♣♣P.P♣♣♣P.P♣♣♣..@♣♣♣..# #.# #
.P..P.PPP...PP...P....# #.# ####
......................# #.# #...
....P...........P.PP..# #.# #.##
♣♣...♣♣♣..P♣♣♣P.P♣♣♣..# #.# #.##
♣P.P♣ ♣..P♣ ♣P.P♣ ♣..# #.# #.##
♣♣...♣♣♣...♣♣♣P..♣♣♣..# #.# #.##
....PP....PPPPP.P.....####.###.##
............................##.##


You could see a hound and an orc.

Vanquished Creatures
  Ijyb (D:1)
  2 jellies (D:3)
  An orc priest (D:3)
  8 adders
  An adder zombie (D:3)
  A giant gecko (D:3)
  2 orcs (D:3)
  7 hobgoblins
  A quokka (D:2)
  A sheep (D:3)
  2 ball pythons
  3 bats
  2 giant cockroaches
  2 giant newts
  13 goblins
  8 kobolds
  7 rats
62 creatures vanquished.

Notes
Turn   | Place    | Note
--------------------------------------------------------------
     0 | D:1      | Monkaria the Deep Elf Conjurer began the quest for the Orb.
     0 | D:1      | Reached XP level 1. HP: 10/10 MP: 6/6
   729 | D:1      | Reached XP level 2. HP: 15/15 MP: 6/8
   765 | D:1      | Learned a level 2 spell: Searing Ray
   765 | D:1      | You fall through a shaft!
   802 | D:2      | Reached skill level 5 in Conjurations
   925 | D:2      | Reached XP level 3. HP: 17/19 MP: 1/9
  1250 | D:2      | Noticed Ijyb
  1529 | D:1      | Killed Ijyb
  1529 | D:1      | Reached skill level 6 in Conjurations
  1529 | D:1      | Reached XP level 4. HP: 16/24 MP: 0/10
  1992 | D:3      | Found a shimmering altar of Xom.
  1998 | D:3      | Reached skill level 7 in Conjurations
  1998 | D:3      | Reached XP level 5. HP: 19/28 MP: 7/11
  2657 | D:2      | HP: 1/28 [hound (3)]
  2657 | D:2      | Slain by an orc

Vault maps used:
D:1:      dpeg_arrival_tiny_b
D:2:      kennysheep_the_goblin_king, st_stairs_1, kennysheep_boxes
D:3:      minmay_door_path, dk_xom_monty_hall

Action                   |  1- 3 |  4- 6 || total
-------------------------+-------+-------++-------
Melee: Unarmed           |    12 |       ||    12
 Cast: Magic Dart        |    44 |    55 ||    99
       Searing Ray       |     4 |     9 ||    13
  Eat: Chunk             |     1 |     4 ||     5
